 Dungeon Crawl Stone Soup version 0.31-a0-365-gcf821cafb2 (webtiles) character file.

Game seed: 9252305144978631560

56 CraigForest the Firebug (level 4, -2/34 HPs)
             Began as a Meteoran Fire Elementalist on July 27, 2023.
             Slain by a gnoll
             ... wielding a +0 club
              (5 damage)
             ... on level 2 of the Dungeon.
             The game lasted 00:12:11 (652 turns).

CraigForest the Firebug (Meteoran Fire Elementalist) Turns: 652, Time: 00:12:11

Health: -2/34      AC:  4    Str:  9    XL:     4   Next: 39%
Magic:  1/10       EV: 18    Int: 17    God:
Gold:   53         SH:  0    Dex: 16    Spells: 6/9 levels left

rFire   . . .        e - +0 whip
rCold   . . .        (no shield)
rNeg    . . .        a - +0 robe
rPois   .            (no helmet)
rElec   .            j - +0 cloak
rCorr   .            f - +0 pair of gloves
SInv    .            (no boots)
Will    .....        (no amulet)
Stlth   +            g - +5 ring of evasion
HPRegen 0.25/turn    (no ring)
MPRegen 0.12/turn

%: no passive effects
@: glowing
A: sense surroundings 1, otherworldly, glowing, explore regen
a: no special abilities


You were on level 2 of the Dungeon.
You visited 1 branch of the dungeon, and saw 2 of its levels.

You collected 53 gold pieces.

Inventory:

Hand Weapons
 e - a +0 whip (weapon)
Armour
 a - a +0 robe (worn)
 f - a +0 pair of gloves (worn)
 j - a +0 cloak (worn)
Jewellery
 g - a +5 ring of evasion (left hand)
Scrolls
 i - a scroll of identify
Potions
 b - a potion of magic


   Skills:
 + Level 0.6 Fighting
 + Level 0.5 Maces & Flails
 + Level 2.8 Dodging
 + Level 1.6 Stealth
 + Level 3.3 Spellcasting
 + Level 1.7 Conjurations
 + Level 4.5 Fire Magic


You had 6 spell levels left.
You knew the following spells:

 Your Spells              Type           Power      Damage    Failure   Level
a - Foxfire               Conj/Fire      52%        2x1d6     4%          1
b - Scorch                Fire           36%        2d6       4%          2

Your spell library contained the following spells:

 Spells                   Type           Power      Damage    Failure   Level
 Inner Flame              Hex/Fire       10%        N/A       21%         3
 Volatile Blastmotes      Fire/Tloc      20%        2d11      21%         3
 Flame Wave               Conj/Fire      13%        2d6       43%         4


Dungeon Overview and Level Annotations

Branches:
Dungeon (2/15) Zot: 545

Altars:


Innate Abilities, Weirdness & Mutations

You passively map a small area around you.
You are easily found by Zot.
You glow in the dark.
You regain HP and MP as you explore.


Message History

Press: ? - help, Q - select action, (/) - cycle Dir - look around, f - activate You conjure some foxfire!
The gnoll completely misses you.
The foxfire hits the gnoll.
The gnoll is severely wounded.
The foxfire hits the gnoll.
The gnoll is almost dead.
Casting: Foxfire (safe; 4% risk of failure)
Press: ? - help, Q - select action, (/) - cycle Dir - look around, f - activate You conjure some foxfire!
The gnoll hits you but does no damage.
The foxfire hits the gnoll.
The gnoll is moderately wounded.
The foxfire hits the gnoll but does no damage.
The gnoll is moderately wounded.
Casting: Foxfire (safe; 4% risk of failure)
Press: ? - help, Q - select action, (/) - cycle Dir - look around, f - activate You conjure some foxfire!
The gnoll barely misses you.
You hit the gnoll.
The gnoll is heavily wounded.
The foxfire hits the gnoll.
The gnoll is severely wounded.
The foxfire hits the gnoll.
The gnoll is almost dead.
The gnoll hits you with a +0 club. The gnoll misses you.
You closely miss the gnoll.
The gnoll is almost dead.
The gnoll hits you from afar with a +0 halberd!
* * * LOW HITPOINT WARNING * * *
You hit the gnoll but do no damage.
The gnoll is almost dead.
The gnoll barely misses you.
The gnoll hits you from afar with a +0 halberd.
* * * LOW HITPOINT WARNING * * *
The gnoll closely misses you.
You barely miss the gnoll.
The gnoll is almost dead.
The gnoll misses you. x2; The gnoll hits you with a +0 club.
You die...

#....>...........†#.
*
#...###########g.###
,
+......g.g....g.g...
*#..†############...!
#..)## ####. #..g.#
## #..g.# # ##.g.# #
#.@g# # ##### # # # #


You could see 3 gnolls and a hobgoblin.

Vanquished Creatures
  An adder (D:2)
  A gnoll (D:2)
  6 ball pythons
  2 bats (D:1)
  3 endoplasms
  4 giant cockroaches (D:1)
  6 goblins
  4 hobgoblins (D:1)
  A kobold (D:1)
  A quokka (D:2)
  A frilled lizard (D:1)
  3 rats
33 creatures vanquished.

Vanquished Creatures (others)
  67 foxfires
67 creatures vanquished.

Grand Total: 100 creatures vanquished

Notes
Turn   | Place    | Note
-------+----------+-------------------------------------------
     0 | D:1      | CraigForest the Meteoran Fire Elementalist began the quest
                  | for the Orb.
     0 | D:1      | Reached XP level 1. HP: 14/14 MP: 5/5
   114 | D:1      | Reached XP level 2. HP: 20/20 MP: 3/6
   268 | D:1      | Reached skill level 4 in Fire Magic
   338 | D:1      | Reached XP level 3. HP: 27/27 MP: 2/8
   374 | D:1      | Learned a level 2 spell: Scorch
   500 | D:1      | Glimpsed the power of Zot.
   642 | D:2      | Reached XP level 4. HP: 20/34 MP: 3/9
   652 | D:2      | Slain by a gnoll

Illustrated notes

Levels and vault maps discovered:
D:1:      dpeg_arrival_prison, layout_basic, serial_shops,
          nicolae_shop_back_alley_shop
D:2:      layout_basic, uniq_natasha

Skill      XL: |  1  2 |
---------------+-------+-----
Fire Magic     | 4 |  4.5
Spellcasting   | 3 |  3.3
Fighting       | |  0.6
Maces & Flails | |  0.5
Dodging        | |  2.8
Stealth        | |  1.6
Conjurations   | |  1.7

Action                     |  1- 3 |  4- 6 || total
---------------------------+-------+-------++-------
  Melee: Unarmed           |    45 |       ||    45
         Whip              |    20 |     4 ||    24
         Punch             |     1 |       ||     1
   Cast: Foxfire           |    39 |     4 ||    43
    Use: Scroll            |     3 |       ||     3
 Armour: Robe              |    22 |     1 ||    23
  Dodge: Dodged            |    57 |     7 ||    64

Table legend: (Time is in decaauts)
 A = Elapsed time spent in this place.
 B = Non-inter-level travel time spent in this place.
 C = Inter-level travel time spent in this place.
 D = Time resting spent in this place.
 E = Time spent auto-exploring this place.
 F = Levels seen in this place.
 G = Mean time per level.
                   A        B        C        D        E       F      G
               +--------+--------+--------+--------+--------+-----+--------+
         Total |    653 |    359 |    294 |      0 |     31 |   2 |  326.5 |
       Dungeon |    653 |    359 |    294 |      0 |     31 |   2 |  326.5 |
               +--------+--------+--------+--------+--------+-----+--------+

Top non-repeatable levels by time:
     D:1: 534 daAuts
     D:2: 118 daAuts
